 Dungeon Crawl Stone Soup version 0.17.1-3-g152610e (webtiles) character file.

1276 Miyamura the Sneak (level 8, 0/70 (72) HPs)
             Began as a Naga Transmuter on Feb 23, 2016.
             Was an Initiate of Kikubaaqudgha.
             Slain by a wight
             ... wielding a +0 halberd
              (7 damage)
             ... on level 6 of the Dungeon.
             The game lasted 00:29:47 (7254 turns).

Miyamura the Sneak (Naga Transmuter)                Turns: 7254, Time: 00:29:48

HP:   0/70 (72)     AC:  5    Str: 13    XL:     8   Next: 54%
MP:   5/14          EV:  9    Int: 15    God:    Kikubaaqudgha [......]
Gold: 418           SH:  0    Dex: 12    Spells: 4 memorised, 5 levels left

rFire  . . .     SeeInvis +     n - +3 short sword (speed)
rCold  . . .     Clarity  .     w - +0 leather armour {MR+}
rNeg   . . .     SustAt   +     (no shield)
rPois  +         Gourm    .     v - +0 helmet
rElec  .         Spirit   .     (no cloak)
rCorr  .         Warding  .     (no gloves)
rMut   .         Stasis   .     (no barding)
MR     ++...                    (no amulet)
Stlth  +++.......               (no ring)
                                i - ring of sustain attributes

@: very slightly contaminated, heavily drained, very slow, very resistant to
hostile enchantments, fairly stealthy
A: see invisible, deformed body, poison resistance, slowness 2, slow metabolism
1, spit poison 2, AC +2
a: Spit Poison, Renounce Religion


You were on level 6 of the Dungeon.
You worshipped Kikubaaqudgha.
Kikubaaqudgha was noncommittal.
You were very hungry.

You visited 2 branches of the dungeon, and saw 8 of its levels.

You collected 418 gold pieces.

Inventory:

Hand Weapons
 n - a +3 short sword of speed (weapon)
 p - a +1 whip of draining
Missiles
 h - 46 poisoned needles
 s - 4 arrows
 y - 3 javelins (quivered)
Armour
 v - a +0 helmet (worn)
 w - a +0 leather armour of magic resistance (worn)
Jewellery
 i - a ring of sustain attributes (left hand)
Wands
 m - a wand of slowing (38)
 x - a wand of paralysis (0)
 B - a wand of random effects (0)
Scrolls
 z - a scroll of recharging
 A - a scroll of remove curse
 D - a scroll of enchant weapon
Potions
 a - 2 potions of berserk rage
 e - a potion of flight
 f - a potion of cancellation {unknown}
 g - a potion of ambrosia {unknown}
 k - a potion of mutation {unknown}
 o - a potion of degeneration {unknown}
 q - a potion of heal wounds {unknown}
 r - a potion of magic {unknown}
 t - a potion of resistance {unknown}
 u - a potion of lignification {unknown}
 C - a potion of curing {unknown}
Books
 c - a book of Changes

   Spells                             Type                      Level
   a - Beastly Appendage              Transmutation                1
   b - Sticks to Snakes               Transmutation                2
   c - Spider Form                    Transmutation/Poison         3
   d - Ice Form                       Ice/Transmutation            4
   e - Blade Hands                    Transmutation                5
Comestibles
 d - 3 bread rations
 j - 3 meat rations
 l - 6 fruits


   Skills:
 + Level 3.8(2.3) Fighting
 + Level 3.4(2.0) Dodging
 + Level 6.2(4.7) Stealth
 + Level 5.3(3.8) Unarmed Combat
 + Level 4.1(2.6) Spellcasting
 + Level 4.0(2.6) Transmutations
 - Level 2.5(1.1) Poison Magic


You had 5 spell levels left.
You knew the following spells:

 Your Spells              Type           Power        Failure   Level  Hunger
a - Beastly Appendage     Trmt           #.....       12%         1    #......
b - Ice Form              Ice/Trmt       #.......     99%         4    #####..
f - Spider Form           Trmt/Pois      #.........   38%         3    ###....
s - Sticks to Snakes      Trmt           #.........   17%         2    ###....


Dungeon Overview and Level Annotations

Branches:
Dungeon (7/15)             Temple (1/1) D:5

Altars:
Ashenzari
Cheibriados
Dithmenos
Elyvilon
Gozag
Kikubaaqudgha
Makhleb
Nemelex Xobeh
Okawaru
Qazlal
Ru
Sif Muna
Trog
Vehumet
Yredelemnul
Zin

Shops:
D:6 *

Annotations:
D:5 kaze's ghost, novice TrBe


Innate Abilities, Weirdness & Mutations

You cannot wear boots.
Your serpentine skin is tough (AC +2).
You have supernaturally acute eyesight.
Armour fits poorly on your strangely shaped body.
Your system is resistant to poisons.
You cover ground very slowly.
You have a slow metabolism.
You can spit poison.


Message History

* * * LOW HITPOINT WARNING * * *
You feel drained.
* * * LOW HITPOINT WARNING * * *
Evoke which item? (* to show all) (? for menu, Esc to quit)
Zapping:
x - a wand of paralysis (1)
Press: ? - help, Shift-Dir - straight line, f - wight, p - wight
Aim: a wight, wielding a battleaxe and wearing a robe (chance to defeat MR: 46%)
The wight suddenly stops moving!
This wand has 0 charges left.
The wight hits you from afar with a halberd.
* * * LOW HITPOINT WARNING * * *
Your ball python closely misses the wight.
Your ball python misses the wight.
Drink which item? (? for menu, Esc to quit)
Okay, then.
Wield which item (- for none, * to show all)? (? for menu, Esc to quit)
Your hands tingle!
n - a +3 short sword of speed (weapon)
The wight hits you from afar with a halberd!
You die...
Kikubaaqudgha rasps: "You have failed me!
Welcome... death!"

####.###.###.######
.................#
#.#.###.###.####.#
#####.#.###.###...##'###
........................ .
#.#####.#.#.#...♣...#..... .
...............♣.♣........
###.##.#####.#z#...♣.♣.♣.......
....#........#@#..♣.♣.♣.♣......
#......#####.#z#.♣.♣._.♣.♣.....
..........##.#z#..♣.♣.♣.♣......
#...)..##.##.#S#...♣.♣.♣.......
#......†..zz...#....♣.♣........
..!.....##.#.#...#...♣...#..#.#
#.......##...#..............#.#
#.......###..#.####.<.......#.#
......... .....# #.........#.#


You could see 3 wights and a friendly ball python.

Vanquished Creatures
  A necrophage (D:6)
  2 phantoms
  Blork the orc (D:5)
  2 scorpions
  4 wights (D:6)
  An orc priest (D:3)
  A jelly (D:5)
  3 worker ants
  7 orc wizards
  2 giant frog skeletons
  8 adders
  A gnoll (D:3)
  A shadow imp (D:5)
  4 oozes
  An adder skeleton (D:4)
  4 worms
  5 giant geckos
  22 orcs
  4 giant cockroaches
  3 goblins
  11 hobgoblins
  13 jackals
  3 quokkas
  A ball python (D:3)
  7 bats
  6 giant newts
  6 kobolds
  10 rats
  A spectral orc (D:5)
135 creatures vanquished.

Vanquished Creatures (collateral kills)
  A wight (D:6)
  Terence (D:2)
  2 gnolls (D:3)
  A bat (D:2)
  A jackal (D:2)
6 creatures vanquished.

Vanquished Creatures (others)
  7 plants (D:5)
7 creatures vanquished.

Grand Total: 148 creatures vanquished

Notes
Turn   | Place    | Note
--------------------------------------------------------------
     0 | D:1      | Miyamura the Naga Transmuter began the quest for the Orb.
     0 | D:1      | Reached XP level 1. HP: 18/18 MP: 3/3
    92 | D:1      | Reached XP level 2. HP: 13/25 MP: 3/5
   215 | D:1      | Reached skill level 1 in Stealth
   321 | D:1      | Learned a level 2 spell: Sticks to Snakes
   529 | D:1      | Reached XP level 3. HP: 23/31 MP: 6/6
   604 | D:1      | Learned a level 3 spell: Spider Form
  1109 | D:2      | Reached XP level 4. HP: 33/38 MP: 5/7
  1754 | D:2      | Noticed Terence
  1772 | D:2      | Killed Terence
  1843 | D:2      | Reached skill level 1 in Poison Magic
  1996 | D:2      | Reached XP level 5. HP: 34/45 MP: 5/8
  3393 | D:3      | Reached skill level 4 in Unarmed Combat
  3425 | D:3      | Reached XP level 6. HP: 49/54 MP: 5/10
  3462 | D:3      | Found a faded altar to an unknown god.
  3558 | D:3      | Found a shadowy altar of Dithmenos.
  3730 | D:3      | Learned a level 4 spell: Ice Form
  4359 | D:4      | Reached XP level 7. HP: 59/61 MP: 6/11
  4772 | D:5      | Entered Level 5 of the Dungeon
  5455 | D:5      | Found a basalt altar of Yredelemnul.
  5634 | D:5      | Found a staircase to the Ecumenical Temple.
  5644 | Temple   | Entered the Ecumenical Temple
  5992 | Temple   | Became a worshipper of Kikubaaqudgha
  6043 | D:5      | Noticed kaze's ghost (novice TrBe)
  6092 | D:6      | Found an iron altar of Okawaru.
  6116 | D:5      | Reached skill level 5 in Stealth
  6389 | D:5      | Reached XP level 8. HP: 62/69 MP: 13/13
  6420 | D:6      | Noticed Blork the orc
  6436 | D:5      | Killed Blork the orc
  6586 | D:6      | Reached skill level 5 in Unarmed Combat
  6682 | D:6      | Reached skill level 6 in Stealth
  6897 | D:6      | Found Gozag's Platinum Reserve.
  6902 | D:6      | Found an opulent altar of Gozag.
  7254 | D:6      | Slain by a wight

Action                   |  1- 3 |  4- 6 |  7- 9 || total
-------------------------+-------+-------+-------++-------
Melee: Unarmed           |    36 |   231 |   179 ||   446
       Short sword       |    15 |     5 |     6 ||    26
 Cast: Beastly Appendage |    12 |    12 |       ||    24
       Sticks to Snakes  |       |    15 |     7 ||    22
       Spider Form       |       |     5 |    11 ||    16
 Abil: Spit Poison       |    25 |    41 |     9 ||    75
       End Transformatio |       |       |     2 ||     2
Evoke: Wand              |       |     3 |    19 ||    22
  Use: Scroll            |     5 |     5 |     3 ||    13
       Potion            |       |       |     1 ||     1
 Stab: Sleeping          |     1 |     4 |       ||     5
       Paralysed         |       |     8 |     6 ||    14
  Eat: Chunk             |     1 |    13 |     7 ||    21
       Pizza             |       |       |     1 ||     1
       Fruit             |       |       |     1 ||     1
